 Dungeon Crawl Stone Soup version 0.22-a0-253-gf9d0ce5 (webtiles) character file.

1701 KristoblXynda the Carver (level 8, -8/63 HPs)
             Began as a Green Draconian Fighter on Mar 3, 2018.
             Was a Follower of Cheibriados.
             Killed from afar by an orc wizard (10 damage)
             ... with a magic dart
             ... on level 6 of the Dungeon.
             The game lasted 00:14:53 (6047 turns).

KristoblXynda the Carver (Green Draconian Fighter)  Turns: 6047, Time: 00:14:53

Health: -8/63      AC:  9    Str: 21    XL:     8   Next: 73%
Magic:  8/8        EV: 13    Int: 14    God:    Cheibriados [*.....]
Gold:   344        SH: 10    Dex: 14    Spells: 7/7 levels left

rFire    . . .     SeeInvis .   t - +2 long sword (drain)
rCold    . . .     Gourm    .   b - +0 shield
rNeg     . . .     Faith    .   (armour unavailable)
rPois    +         Spirit   .   (helmet restricted)
rElec    .         Reflect  .   (no cloak)
rCorr    +         Harm     .   (no gloves)
MR       +....                  a - +2 pair of boots
Stlth    +.........             (no amulet)
HPRegen  0.20/turn              l - ring of resist corrosion
MPRegen  0.11/turn              i - ring of flight

@: about to teleport, very slow
A: breathe noxious fumes, unfitting armour, big wings, blurry vision 1, magic
resistance 1, poison resistance, evolution 1, cold-blooded, AC +6
a: Breathe Noxious Fumes, Fly, Bend Time, Renounce Religion, Evoke Flight


You were on level 6 of the Dungeon.
You worshipped Cheibriados.
Cheibriados was aware of your devotion.
You were not hungry.

You visited 2 branches of the dungeon, and saw 7 of its levels.

You collected 344 gold pieces.

Inventory:

Hand Weapons
 t - a +2 long sword of draining (weapon)
Armour
 a - a +2 pair of boots (worn)
 b - a +0 shield (worn)
Jewellery
 i - a ring of flight (right hand)
 l - a ring of resist corrosion (left hand)
 u - an uncursed amulet of the acrobat {unknown}
Wands
 c - a wand of acid (2)
 v - a wand of digging (9)
Scrolls
 e - a scroll of noise {unknown}
 f - 2 scrolls of magic mapping {unknown}
 g - 2 scrolls of identify
 k - a scroll of random uselessness {unknown}
 m - 2 scrolls of remove curse {unknown}
 o - a scroll of fog
 q - a scroll of enchant weapon {unknown}
 r - 2 scrolls of enchant armour {unknown}
Potions
 h - 2 potions of resistance
 p - a potion of brilliance
 s - a potion of flight
Comestibles
 d - 8 rations


   Skills:
 - Level 3.2 Fighting
 * Level 8.2 Long Blades
 + Level 5.7 Dodging
 + Level 6.3 Shields


You had 7 spell levels left.
You didn't know any spells.

Dungeon Overview and Level Annotations

Branches:
Dungeon (6/15)             Temple (1/1) D:5

Altars:
Ashenzari
Cheibriados
Dithmenos
Elyvilon
Fedhas
Gozag
Hepliaklqana
Makhleb
Nemelex Xobeh
Okawaru
Qazlal
Ru
Trog
Uskayaw
Vehumet
Wu Jian
Xom
Zin
The Shining One

Annotations:
D:6 George's ghost, novice MiFi


Innate Abilities, Weirdness & Mutations

You can breathe blasts of noxious fumes.
Your lurid green scales are hard. (AC +6)
You cannot fit into any form of body armour.
Your system is resistant to poisons. (rPois)
You are cold-blooded and may be slowed by cold attacks.
Your large and strong wings let you fly indefinitely.
Scrolls take you a little longer to read.
You are resistant to hostile enchantments. (MR+)
You evolve.


Message History

Unknown command.
The orc wizard closely misses you.
Really read with blurry vision while enemies are nearby?
George's ghost wails, "You will never get the ORB!"
You block George's ghost's attack.
You begin reading the scroll.
You continue reading the scroll.
The orc wizard misses you.
You riposte.
You closely miss the orc wizard.
The orc wizard is moderately wounded.
The orc wizard casts a spell at you. The magic dart hits you!
George's ghost hits you but does no damage.
As you read the scroll of teleportation, it crumbles to dust.
You feel strangely unstable.
Unknown command.
The orc wizard points at you and mumbles some strange words.
The magic dart hits you!
* * * LOW HITPOINT WARNING * * *
The orc wizard gestures at you while chanting.
The magic dart hits you!
You die...

.............. #......#
..............# #......#
.[.........).. #......#
..####..####.# ### ####..####
..####..####.###.######..##.#
.....<.......§§§§....#......#
.............§§§§....'......#
............§§oW§....#......#
............§§..@....#...(..#
.###...###..#######..##..##.#
###...###..###.###..##..##.###
#......'...#........#........#
#....>.#...#........'........#
###...#################.....##
+###...## ###..###..##.######
÷)......# #.)...........#
........# #.............#


You could see an orc wizard and George's ghost.

Vanquished Creatures
  Grinder (D:4)
  Edmund (D:5)
  A sky beast (D:5)
  A phantom (D:5)
  2 ogres
  A centaur (D:5)
  A bullfrog (D:6)
  A wyvern skeleton (D:6)
  A scorpion (D:6)
  2 crimson imps
  2 hounds
  4 orc priests
  5 orc wizards (D:4)
  An iguana (D:5)
  Natasha (thrice) (D:2)
  3 worker ants
  A hound skeleton (D:3)
  A worker ant zombie (D:5)
  7 adders
  3 gnolls (D:6)
  An adder zombie (D:5)
  4 worms
  2 dart slugs (D:2)
  7 leopard geckos
  19 orcs
  7 giant cockroaches
  14 goblins
  10 hobgoblins
  11 jackals
  5 quokkas
  6 bats
  8 frilled lizards
  8 kobolds
  A leopard gecko skeleton (D:6)
  2 leopard gecko zombies
  14 rats
161 creatures vanquished.

Vanquished Creatures (others)
  A bush (D:5)
1 creature vanquished.

Grand Total: 162 creatures vanquished

Notes
Turn   | Place    | Note
-------+----------+-------------------------------------------
     0 | D:1      | KristoblXynda the Draconian Fighter began the quest for the Orb.
     0 | D:1      | Reached XP level 1. HP: 19/19 MP: 1/1
   213 | D:1      | Reached XP level 2. HP: 24/26 MP: 2/2
   770 | D:1      | Reached XP level 3. HP: 27/31 MP: 3/3
  1038 | D:1      | Reached skill level 3 in Long Blades
  1224 | D:2      | Noticed Natasha
  1227 | D:2      | Killed Natasha
  1227 | D:2      | Reached XP level 4. HP: 38/38 MP: 4/4
  1289 | D:2      | Noticed a moth of wrath
  1292 | D:2      | Found a bloodstained altar of Trog.
  1449 | D:2      | Noticed Natasha
  1464 | D:2      | Gained mutation: You tend to lose your temper in combat. [potion of mutation]
  1464 | D:2      | Lost mutation: You tend to lose your temper in combat. [potion of mutation]
  1464 | D:2      | Gained mutation: You are occasionally teleported next to monsters. [potion of mutation]
  1464 | D:2      | Gained mutation: Your muscles are strong. (Str +2) [potion of mutation]
  1465 | D:2      | Killed Natasha
  1465 | D:2      | Reached skill level 4 in Long Blades
  1465 | D:2      | Reached XP level 5. HP: 3/45 MP: 5/5
  2181 | D:2      | Noticed Natasha
  2186 | D:2      | Killed Natasha
  3005 | D:4      | Reached XP level 6. HP: 51/51 MP: 6/6
  3445 | D:4      | Noticed Grinder
  3449 | D:4      | Reached skill level 5 in Long Blades
  3469 | D:4      | Killed Grinder
  3469 | D:4      | Your scales start taking on a lurid green colour.
  3469 | D:4      | Reached XP level 7. HP: 9/57 MP: 7/7
  3469 | D:4      | Gained mutation: Your system is resistant to poisons. (rPois) [Green Draconian growth]
  3809 | D:4      | Reached skill level 6 in Long Blades
  3969 | D:4      | Reached skill level 5 in Shields
  3986 | D:4      | Found a blossoming altar of Fedhas.
  3993 | D:4      | Found a white marble altar of Elyvilon.
  3995 | D:4      | Found an ornate altar of the Wu Jian Council.
  3996 | D:4      | Found a glowing silver altar of Zin.
  3996 | D:4      | Found a burning altar of Makhleb.
  4000 | D:4      | Found a snail-covered altar of Cheibriados.
  4001 | D:4      | Found a hide-covered altar of Uskayaw.
  4006 | D:4      | Became a worshipper of Cheibriados the Contemplative
  4158 | D:5      | Entered Level 5 of the Dungeon
  4296 | D:5      | Lost mutation: You are occasionally teleported next to monsters. [potion of mutation]
  4296 | D:5      | Lost mutation: Your muscles are strong. (Str +2) [potion of mutation]
  4296 | D:5      | Gained mutation: You evolve. [potion of mutation]
  4296 | D:5      | Gained mutation: Scrolls take you a little longer to read. [potion of mutation]
  4296 | D:5      | Gained mutation: Your large and strong wings let you fly indefinitely. [potion of mutation]
  4423 | D:5      | Found a hazy altar of Hepliaklqana.
  4424 | D:5      | Found a shimmering altar of Xom.
  4425 | D:5      | Noticed a wyvern
  4425 | D:5      | Noticed a spectral ugly thing
  4425 | D:5      | Noticed a wyvern
  4473 | D:5      | Gained mutation: You are resistant to hostile enchantments. (MR+) [evolution]
  4522 | D:5      | Reached skill level 5 in Dodging
  4526 | D:5      | Noticed Edmund
  4566 | D:5      | Killed Edmund
  4566 | D:5      | Reached skill level 7 in Long Blades
  4566 | D:5      | Reached XP level 8. HP: 28/63 MP: 8/8
  5028 | D:5      | Found a staircase to the Ecumenical Temple.
  5199 | Temple   | Entered the Ecumenical Temple
  5545 | D:6      | Reached * piety under Cheibriados
  5581 | D:6      | Noticed George's ghost (novice MiFi)
  5593 | D:6      | Reached skill level 8 in Long Blades
  6047 | D:6      | HP: 2/63 [orc wizard/magic dart (5)]
  6047 | D:6      | Killed from afar by an orc wizard

Vault maps used:
D:1:      tarquinn_simple_flora_water_d
D:2:      minmay_door_square, tgw_trog, uniq_natasha
D:3:      minmay_bisected
D:4:      minitemple, first_ration, uniq_grinder
D:5:      regret_index_temple_of_mockery, minmay_temple_entry_grid,
          kb_lookout_dungeons_type, kennysheep_generic_room_11, uniq_edmund
D:6:      st_stairs_7, uniq_sigmund
Temple:   jpeg_temple_island

Skill      XL: |  1  2  3  4  5  6  7  8 |
---------------+-------------------------+-----
Dodging        | 3 4 5 |  5.7
Long Blades    | 3 4 5 7 8 |  8.2
Shields        | 4 5 6 |  6.3
Fighting       | |  3.2

Action                   |  1- 3 |  4- 6 |  7- 9 || total
-------------------------+-------+-------+-------++-------
Melee: Long sword        |   102 |   254 |   213 ||   569
       Tailslap          |     7 |    31 |    52 ||    90
 Abil: Breathe Noxious F |       |       |    10 ||    10
  Use: Potion            |       |     5 |     5 ||    10
       Scroll            |       |     4 |     5 ||     9
 Stab: Sleeping          |     1 |     1 |     2 ||     4
       Confused          |       |       |     4 ||     4
  Eat: Chunk             |     1 |     8 |     7 ||    16
       Ration            |       |       |     1 ||     1
Armor: Skin              |    27 |   162 |    39 ||   228
Dodge: Dodged            |    51 |   101 |   125 ||   277
Block: Shield            |    63 |   175 |   107 ||   345
       Rpst.: Long sword |    15 |    42 |    40 ||    97

Table legend:
 A = Spawn XP
 B = Non-spawn XP
 C = Spawn XP percentage of total XP
 D = Spawn monster count
 E = Non-spawn monster count
 F = Spawn count percentage of total count
 G = Total turns spent on level
                    A         B        C        D         E        F      G
               +---------+---------+-------+---------+---------+-------+---------
         Total |       0 |    2430 |   0.0 |       0 |     161 |   0.0 |  6047
               +---------+---------+-------+---------+---------+-------+---------
           D:1 |       0 |      54 |   0.0 |       0 |      29 |   0.0 |  1089
           D:2 |       0 |     233 |   0.0 |       0 |      37 |   0.0 |  1218
           D:3 |       0 |      75 |   0.0 |       0 |      29 |   0.0 |   937
           D:4 |       0 |     649 |   0.0 |       0 |      25 |   0.0 |   914
           D:5 |       0 |     956 |   0.0 |       0 |      24 |   0.0 |  1082
           D:6 |       0 |     463 |   0.0 |       0 |      17 |   0.0 |   619
               +---------+---------+-------+---------+---------+-------+---------
